 Dungeon Crawl Stone Soup version 0.22-a0-305-gd21a89c538 (webtiles) character file.

6002 RedPan the Martial Artist (level 10, -6/70 HPs)
             Began as a Demonspawn Monk on Mar 29, 2018.
             Was a Priest of Cheibriados.
             Mangled by flinch's ghost (9 damage)
             ... on level 9 of the Dungeon.
             The game lasted 00:16:49 (8643 turns).

RedPan the Martial Artist (Demonspawn Monk)         Turns: 8643, Time: 00:16:50

Health: -6/70      AC:  8    Str: 23    XL:     10   Next: 55%
Magic:  7/14       EV: 17    Int: 20    God:    Cheibriados [***...]
Gold:   398        SH:  8    Dex: 23    Spells: 9/9 levels left

rFire    . . .     SeeInvis +     - Unarmed
rCold    . . .     Gourm    .   (no shield)
rNeg     . . .     Faith    .   p - +1 ring mail
rPois    .         Spirit   .   v - +0 helmet
rElec    .         Reflect  .   (no cloak)
rCorr    .         Harm     .   (no gloves)
MR       .....                  (no boots)
Stlth    ++........             (no amulet)
HPRegen  0.21/turn              e - ring of see invisible
MPRegen  0.14/turn              (no ring)

@: very slightly contaminated, drained, invisible, very slow
A: talons 2, large bone plates 3, spiny 1
a: Bend Time, Temporal Distortion, Renounce Religion


You were on level 9 of the Dungeon.
You worshipped Cheibriados.
Cheibriados was most pleased with you.
You were near starving.

You visited 2 branches of the dungeon, and saw 10 of its levels.

You collected 398 gold pieces.

Inventory:

Armour
 a - a +0 robe
 p - a +1 ring mail (worn)
 t - a +0 chain mail
 v - a +0 helmet (worn)
 x - a +0 plate armour
Jewellery
 e - a ring of see invisible (left hand)
Wands
 f - a wand of enslavement (18)
 l - a wand of digging (17)
 y - a wand of polymorph (9)
 z - a wand of disintegration (19)
Scrolls
 c - a scroll of enchant weapon
 i - 6 scrolls of remove curse
 q - 5 scrolls of teleportation
 u - 2 scrolls of immolation
Potions
 d - a potion of mutation
 g - 7 potions of curing
 j - a potion of haste
 k - a potion of agility
 m - a potion of flight
 n - 3 potions of resistance
 r - a potion of might {unknown}
 w - 2 potions of degeneration {unknown}
 A - a potion of ambrosia {unknown}
 B - a potion of lignification {unknown}
Comestibles
 b - 14 rations


   Skills:
 - Level 3.0(2.6) Fighting
 + Level 6.8(6.5) Armour
 + Level 7.5(7.2) Dodging
 - Level 1.7(1.4) Stealth
 * Level 10.4(10.0) Unarmed Combat
 + Level 5.5(5.1) Invocations


You had 9 spell levels left.
You didn't know any spells.

Dungeon Overview and Level Annotations

Branches:
Dungeon (9/15)             Temple (1/1) D:7
   Lair: D:8-11         Orc: D:9-12

Altars:
Ashenzari
Cheibriados
Dithmenos
Elyvilon
Fedhas
Gozag
Hepliaklqana
Kikubaaqudgha
Makhleb
Nemelex Xobeh
Okawaru
Qazlal
Ru
Sif Muna
Trog
Uskayaw
Vehumet
Wu Jian
Xom
Yredelemnul
Zin
The Shining One
Lugonu

Annotations:
D:8 exclusions: 2 electric eels and 3 more exclusions
D:9 flinch's ghost, journeyman FoFi


Innate Abilities, Weirdness & Mutations

You have razor-sharp toenails.
You are completely covered in large bone plates. (SH +8)
You are partially covered in sharp spines.


Message History

Flinch's ghost completely misses you. The hungry ghost misses you.
You are very lightly contaminated with residual magic.
You hit the hungry ghost.
The hungry ghost is heavily damaged.
Flinch's ghost is struck by your spines.
Flinch's ghost barely misses you.
You punch the hungry ghost! Your kick misses the hungry ghost.
The hungry ghost is almost destroyed.
The hungry ghost is struck by your spines.
You destroy the hungry ghost!
Cheibriados appreciates the change of pace.
Flinch's ghost closely misses you. The flow of time bends around you.
Flinch's ghost resists with some effort.
You are near starving!
Flinch's ghost is struck by your spines.
Flinch's ghost hits you!!
* * * LOW HITPOINT WARNING * * *
Flinch's ghost freezes you!
You die...

.# #........ .#
#.............
.##########.............
........................
........................
........................
#####.................
#.........W.......
###.........@.......
.....................
.....................
............#########
............#
............#
............#
............#
...........#


You could see flinch's ghost.

Vanquished Creatures
  The ghost of mora the Covert, a novice SpEn of Dithmenos (D:7)
  The ghost of thing2 the Skirmisher, a novice OgMo (D:5)
  The ghost of flinch the Shield-Bearer, a novice FoFi (D:4)
  Joseph (D:8)
  A troll (D:8)
  A hippogriff (D:7)
  A hornet (D:7)
  Sigmund (D:2)
  A wyvern (D:8)
  A hungry ghost (D:9)
  The ghost of busta the Chopper, an amateur DsCK of Xom (D:3)
  Edmund (D:6)
  A black bear (D:9)
  An ice beast (D:8)
  A phantom (D:8)
  2 orc warriors
  3 ogres
  3 wolves
  A centaur (D:6)
  2 bullfrogs
  2 scorpions (D:8)
  5 wights (D:8)
  5 killer bees (D:8)
  A howler monkey (D:4)
  3 crimson imps
  2 quasits (D:5)
  2 orc wizards (D:5)
  4 hounds
  An orc priest (D:5)
  4 centaur skeletons
  Terence (D:2)
  4 worker ants
  A killer bee zombie (D:7)
  A hound zombie (D:6)
  5 gnolls
  4 worker ant zombies
  6 adders
  3 shadow imps
  2 oozes
  An adder zombie (D:5)
  An adder skeleton (D:5)
  8 worms
  12 dart slugs
  7 leopard geckos
  17 orcs
  5 bats
  4 giant cockroaches
  11 goblins
  4 hobgoblins
  13 jackals
  2 quokkas
  A ball python (D:1)
  5 frilled lizards
  A giant cockroach zombie (D:5)
  A jackal skeleton (D:4)
  7 kobolds
  2 leopard gecko skeletons
  3 quokka skeletons
  8 rats
195 creatures vanquished.

Notes
Turn   | Place    | Note
-------+----------+-------------------------------------------
     0 | D:1      | RedPan the Demonspawn Monk began the quest for the Orb.
     0 | D:1      | Reached XP level 1. HP: 18/18 MP: 1/1
   262 | D:1      | Reached skill level 3 in Unarmed Combat
   402 | D:1      | Gained mutation: You are partially covered in sharp spines. [demonic ancestry]
   402 | D:1      | Reached XP level 2. HP: 18/24 MP: 2/2
  1046 | D:2      | Gained mutation: You are partially covered in large bone plates. (SH +4) [demonic ancestry]
  1046 | D:2      | Reached XP level 3. HP: 24/29 MP: 3/3
  1232 | D:2      | Reached skill level 1 in Armour
  1737 | D:2      | Noticed Sigmund
  1770 | D:2      | Killed Sigmund
  1770 | D:2      | Reached skill level 4 in Unarmed Combat
  1770 | D:2      | Gained mutation: You have sharp toenails. [demonic ancestry]
  1770 | D:2      | Reached XP level 4. HP: 15/35 MP: 4/4
  1770 | D:2      | Reached XP level 5. HP: 18/41 MP: 5/5
  2356 | D:3      | Noticed busta's ghost (amateur DsCK)
  2728 | D:3      | Killed busta's ghost
  2728 | D:3      | Reached skill level 5 in Unarmed Combat
  2728 | D:3      | Gained mutation: You are mostly covered in large bone plates. (SH +6) [demonic ancestry]
  2728 | D:3      | Reached XP level 6. HP: 47/47 MP: 6/6
  2821 | D:3      | Noticed Terence
  2949 | D:2      | Killed Terence
  3546 | D:4      | Noticed an orc warrior
  3552 | D:4      | Reached XP level 7. HP: 50/52 MP: 7/7
  3740 | D:4      | Reached skill level 6 in Unarmed Combat
  3868 | D:4      | Noticed flinch's ghost (novice FoFi)
  3900 | D:4      | Killed flinch's ghost
  3900 | D:4      | Reached skill level 5 in Dodging
  3900 | D:4      | Gained mutation: You are completely covered in large bone plates. (SH +8) [demonic ancestry]
  3900 | D:4      | Reached XP level 8. HP: 31/58 MP: 8/8
  4382 | D:5      | Entered Level 5 of the Dungeon
  4432 | D:5      | Reached skill level 7 in Unarmed Combat
  5247 | D:5      | Noticed thing2's ghost (novice OgMo)
  5259 | D:5      | Killed thing2's ghost
  5259 | D:5      | Reached skill level 5 in Armour
  5259 | D:5      | Reached skill level 8 in Unarmed Combat
  5525 | D:5      | Reached XP level 9. HP: 56/63 MP: 9/9
  5950 | D:6      | Found a glowing golden altar of the Shining One.
  6145 | D:6      | Noticed Edmund
  6165 | D:6      | Killed Edmund
  6461 | D:6      | Found a shimmering altar of Xom.
  6698 | D:7      | Found a staircase to the Ecumenical Temple.
  6716 | Temple   | Entered the Ecumenical Temple
  6757 | Temple   | Became a worshipper of Cheibriados the Contemplative
  6757 | Temple   | Reached * piety under Cheibriados
  6757 | Temple   | Reached ** piety under Cheibriados
  6822 | D:7      | Reached skill level 9 in Unarmed Combat
  6822 | D:7      | Reached skill level 1 in Invocations
  6825 | D:7      | Found a radiant altar of Vehumet.
  6885 | D:7      | Found a stormy altar of Qazlal.
  6887 | D:7      | Found a shadowy altar of Dithmenos.
  7027 | D:7      | Noticed mora's ghost (novice SpEn)
  7153 | D:7      | Killed mora's ghost
  7153 | D:7      | Gained mutation: You have razor-sharp toenails. [demonic ancestry]
  7153 | D:7      | Reached XP level 10. HP: 49/70 MP: 10/12
  7411 | D:7      | Found a glowing silver altar of Zin.
  7414 | D:7      | Found a bloodstained altar of Trog.
  7417 | D:7      | Found a deep blue altar of Sif Muna.
  7744 | D:8      | Reached *** piety under Cheibriados
  7858 | D:8      | Reached skill level 10 in Unarmed Combat
  7966 | D:8      | Found an ornate altar of the Wu Jian Council.
  7966 | D:8      | Found a sparkling altar of Nemelex Xobeh.
  7973 | D:8      | Found a white marble altar of Elyvilon.
  7975 | D:8      | Found an opulent altar of Gozag.
  7976 | D:8      | Found a hazy altar of Hepliaklqana.
  8032 | D:8      | Found an iron altar of Okawaru.
  8044 | D:8      | Noticed Joseph
  8065 | D:8      | Killed Joseph
  8065 | D:8      | Reached skill level 5 in Invocations
  8467 | D:8      | Identified the Papyrus of Dusty Black Magic
  8621 | D:9      | Noticed flinch's ghost (journeyman FoFi)
  8643 | D:9      | HP: 3/70 [flinch's ghost (21)]
  8643 | D:9      | Mangled by flinch's ghost

Vault maps used:
D:1:      ncdulo_watergridlock, grunt_decor_fettered
D:2:      first_ration, cheibrodos_gnoll_hut, uniq_sigmund
D:3:      kennysheep_slugbush, uniq_terence
D:6:      tso_oasis_becter, tgw_xom, minmay_misc_feat_rugged,
          kennysheep_pointless_box, st_stairs_10, uniq_edmund
D:7:      grunt_temple_overflow_diamond,
          chequers_temple_overflow_statue_of_worship,
          nicolae_overflow_hidden_temple, minmay_temple_entry_glass, basic_altar
D:8:      okawaru_metal_pillars_3, chequers_temple_overflow_minitemple,
          erik_lair_island, uniq_joseph
D:9:      uniq_grum
Temple:   corrupted_temple

Skill      XL: |  1  2  3  4  5  6  7  8  9 10 |
---------------+-------------------------------+-----
Unarmed Combat | 3 4 5 6 8 9 10 | 10.4
Dodging        | 3 4 5 6 7 |  7.5
Armour         | 2 3 4 5 6 |  6.8
Invocations    | 3 5 |  5.5
Fighting       | |  3.0
Stealth        | |  1.7

Action                   |  1- 3 |  4- 6 |  7- 9 | 10-12 || total
-------------------------+-------+-------+-------+-------++-------
Melee: Unarmed           |   127 |   105 |   289 |   123 ||   644
       Punch             |     4 |     1 |     5 |     7 ||    17
       Kick              |       |    38 |    73 |    54 ||   165
Invok: Bend Time         |       |       |     1 |     5 ||     6
Evoke: Wand              |       |     1 |     4 |     1 ||     6
  Use: Scroll            |     7 |     4 |     6 |     1 ||    18
       Potion            |     1 |       |     4 |     2 ||     7
 Stab: Sleeping          |     7 |       |       |       ||     7
       Distracted        |       |       |       |     1 ||     1
  Eat: Chunk             |     2 |     6 |    11 |     2 ||    21
Armor: Robe              |     7 |     5 |       |       ||    12
       Ring mail         |       |     5 |    59 |    15 ||    79
       Skin              |       |       |       |    17 ||    17
Dodge: Dodged            |    54 |    54 |   140 |    58 ||   306
Block: Other             |     9 |    18 |   100 |    52 ||   179

Table legend:
 A = Spawn XP
 B = Non-spawn XP
 C = Spawn XP percentage of total XP
 D = Spawn monster count
 E = Non-spawn monster count
 F = Spawn count percentage of total count
 G = Total turns spent on level
                    A         B        C        D         E        F      G
               +---------+---------+-------+---------+---------+-------+---------
         Total |       0 |    8575 |   0.0 |       0 |     195 |   0.0 |  8643
               +---------+---------+-------+---------+---------+-------+---------
           D:1 |       0 |      20 |   0.0 |       0 |      10 |   0.0 |   975
           D:2 |       0 |     395 |   0.0 |       0 |      39 |   0.0 |  1798
           D:3 |       0 |     269 |   0.0 |       0 |      26 |   0.0 |   671
           D:4 |       0 |     985 |   0.0 |       0 |      18 |   0.0 |  1065
           D:5 |       0 |    1194 |   0.0 |       0 |      33 |   0.0 |  1296
           D:6 |       0 |     695 |   0.0 |       0 |      18 |   0.0 |   893
           D:7 |       0 |    2344 |   0.0 |       0 |      15 |   0.0 |   880
           D:8 |       0 |    2326 |   0.0 |       0 |      26 |   0.0 |   946
           D:9 |       0 |     347 |   0.0 |       0 |      10 |   0.0 |    62
               +---------+---------+-------+---------+---------+-------+---------
